 Dungeon Crawl Stone Soup version 0.24.1-14-gf8d2b509d9 (webtiles) character file.

Game seed: 15705111603074527438, levelgen mode: deterministic

165 lepoulpe303 the Firebug (level 5, -10/28 HPs)
             Began as a Gargoyle Fire Elementalist on May 25, 2020.
             Splashed by Ijyb's acid (17 damage)
             ... on level 3 of the Dungeon.
             The game lasted 00:10:05 (2948 turns).

lepoulpe303 the Firebug (GrFE)                      Turns: 2948, Time: 00:10:06

Health: -10/28     AC:  6    Str: 11    XL:     5   Next: 46%
Magic:  4/9        EV: 11    Int: 17    God:
Gold:   211        SH:  0    Dex: 10    Spells: 4/10 levels left

rFire    . . .     SeeInvis .   h - +1 whip (flame)
rCold    . . .     Gourm    .   (no shield)
rNeg     + . .     Faith    .   w - +0 leather armour
rPois    ∞         Spirit   .   (no helmet)
rElec    +         Reflect  .   (no cloak)
rCorr    .         Harm     .   v - +0 pair of gloves
MR       .....                  p - +1 pair of boots
Stlth    ++........             (no amulet)
HPRegen  0.09/turn              (no ring)
MPRegen  0.11/turn              (no ring)

@: corroded
A: negative energy resistance 1, electricity resistance, unbreathing,
petrification resistance, rot immunity, AC +4
a: no special abilities


You were on level 3 of the Dungeon.
You were hungry.

You visited 1 branch of the dungeon, and saw 3 of its levels.

You collected 211 gold pieces.

Inventory:

Hand Weapons
 d - a +0 short sword
 h - a +1 whip of flaming (weapon)
Missiles
 f - 7 javelins
 j - 16 poisoned darts (quivered)
Armour
 a - a +0 robe
 p - a +1 pair of boots (worn)
 v - a +0 pair of gloves (worn)
 w - a +0 leather armour (worn)
Jewellery
 o - an uncursed ring of positive energy {unknown}
 s - an uncursed ring of positive energy {unknown}
 u - an uncursed ring of ice {unknown}
Wands
 y - a wand of flame (4)
Scrolls
 g - a scroll of fear
 k - a scroll of fog {unknown}
 l - a scroll of enchant weapon {unknown}
 m - 2 scrolls of magic mapping {unknown}
 q - a scroll of blinking {unknown}
 t - a scroll of teleportation
Potions
 b - a potion of berserk rage {unknown}
 i - a potion of mutation {unknown}
 n - a potion of curing {unknown}
 r - a potion of flight {unknown}
 x - a potion of lignification {unknown}
 z - a potion of ambrosia {unknown}
Comestibles
 e - 5 rations


   Skills:
 + Level 0.8 Armour
 + Level 2.0 Dodging
 + Level 3.0 Stealth
 * Level 3.0 Spellcasting
 * Level 2.8 Conjurations
 * Level 3.9 Fire Magic


You had 4 spell levels left.
You knew the following spells:

 Your Spells              Type           Power        Failure   Level  Hunger
a - Flame Tongue          Conj/Fire      ##...        6%          1    None
c - Conjure Flame         Conj/Fire      ##......     17%         3    ###....
x - Throw Flame           Conj/Fire      ##....       9%          2    ##.....

Your spell library contained the following spells:

 Spells                   Type           Power        Failure   Level  Hunger
 Inner Flame              Hex/Fire       #.......     30%         3    ###....
 Sticky Flame             Conj/Fire      ##......     50%         4    ####...
 Fireball                 Conj/Fire      ##........   85%         5    ######.


Dungeon Overview and Level Annotations

Branches:
Dungeon (3/15)

Altars:

Annotations:
D:3 Ijyb


Innate Abilities, Weirdness & Mutations

You are resistant to torment.
Your stone body is resilient. (AC +4)
You are immune to poison.
You resist negative energy. (rN+)
You are resistant to electric shocks. (rElec)
You can survive without breathing.
You are immune to petrification.
You are immune to rotting.


Message History

Okay, then.
Okay, then.
Aim: Ijyb, wielding a +0 dagger, wearing a +0 leather armour and carrying a wand of acid (11) (resting)
The puff of flame hits Ijyb but does no damage.
Ijyb shouts!
You now have 7/9 mp.
Ijyb drinks a potion.
Ijyb suddenly seems more resistant.
The fire ignites!
You are feeling hungry.
You now have 5/9 mp.
Aim: Ijyb, wielding a +0 dagger, wearing a +0 leather armour and carrying a wand of acid (11) (unusually resistant)
The flame tongue hits Ijyb.
Ijyb resists.
Ijyb is engulfed in blazing flames.
Ijyb zaps a wand.
The bolt of acid hits you!!
Ouch! That really hurt!
* * * LOW HITPOINT WARNING * * *
The acid corrodes you!
You are splashed with acid!
Ouch! That really hurt!
You die...

###### #.###...# .#.....##
##########..#..#..
..!.....###.....)())[#..###.
.........##.....(..#####.#..
...............(....###....#
.?g......#..#.#####...#.###.
.........##g#.# ###...###<
.....!...##.#.# #........
........###@#.# #........
.#......# #...### #........
######.#####...# #........
###########.).###>#.###########.
##.....#.....#............####...
#...[.........####.##.###...##.##
...............#...##..#.........
..........)....#.#####......##.##
..........)....#.# ##..♣♣..#.#


You could see Ijyb.

Levels and vault maps discovered:
D:1:      lemuel_arrival_funnel, layout_basic
D:2:      minmay_thinvault, layout_rooms
D:3:      layout_rooms, first_ration, kennysheep_doodads, chequers_mini_garden,
          kennysheep_generic_room_13, uniq_ijyb

Notes
Turn   | Place    | Note
-------+----------+-------------------------------------------
     0 | D:1      | lepoulpe303 the Gargoyle Fire Elementalist began the quest
                  | for the Orb.
     0 | D:1      | Reached XP level 1. HP: 10/10 MP: 3/3
    78 | D:1      | Identified a +0 short sword
    94 | D:1      | Identified a +0 dagger
   228 | D:1      | HP: 2/10 [leopard gecko (4)]
   237 | D:1      | Identified a +0 club
   274 | D:1      | Reached XP level 2. HP: 6/15 MP: 1/5
   321 | D:1      | Learned a level 2 spell: Throw Flame
   447 | D:1      | Identified a scroll of teleportation
   554 | D:1      | Identified a scroll of identify
   554 | D:1      | Identified a +1 whip of flaming (You found it on level 1 of
                  | the Dungeon)
   841 | D:1      | Identified a +0 club
   857 | D:1      | Identified a +0 club
  1113 | D:2      | Reached XP level 3. HP: 19/19 MP: 2/6
  1118 | D:2      | Learned a level 3 spell: Conjure Flame
  1416 | D:2      | Identified a +1 vampiric dagger
  1424 | D:2      | Reached skill level 2 in Conjurations
  1440 | D:2      | Identified a cursed +0 club
  1475 | D:2      | Identified a +0 club
  1511 | D:2      | Reached XP level 4. HP: 23/24 MP: 7/7
  1523 | D:2      | Identified a +0 short sword
  1524 | D:2      | Identified a +0 club
  1524 | D:2      | Identified a +0 club
  1527 | D:2      | Identified a +0 club
  1655 | D:2      | Identified a +1 pair of boots (You found it on level 2 of
                  | the Dungeon)
  1836 | D:2      | Identified a +0 club
  1961 | D:2      | Identified a +0 pair of gloves (You found it on level 2 of
                  | the Dungeon)
  2075 | D:2      | Identified a +0 leather armour (You found it on level 2 of
                  | the Dungeon)
  2075 | D:2      | Identified a scroll of fear
  2155 | D:3      | Identified a +0 dagger
  2161 | D:3      | Identified a +0 club
  2206 | D:3      | Identified a +0 dagger
  2206 | D:3      | Identified a +0 leather armour
  2206 | D:3      | Noticed Ijyb
  2239 | D:3      | Identified a +0 short sword
  2239 | D:3      | Identified a +0 chain mail
  2244 | D:3      | Identified a +0 club
  2246 | D:3      | Identified a +0 club
  2267 | D:3      | Identified a cursed -2 dagger
  2273 | D:3      | Identified a +0 leather armour
  2322 | D:3      | Identified a +0 spear
  2332 | D:3      | Identified a +0 spear of pain
  2385 | D:3      | Reached skill level 2 in Dodging
  2385 | D:3      | Reached XP level 5. HP: 28/28 MP: 0/9
  2480 | D:3      | Identified a +0 club
  2541 | D:3      | Identified a +0 dagger
  2597 | D:3      | Identified a +0 club
  2597 | D:3      | Identified a +0 leather armour
  2598 | D:3      | Identified a +0 spear
  2630 | D:3      | Reached skill level 3 in Spellcasting
  2646 | D:3      | Reached skill level 3 in Stealth
  2948 | D:3      | HP: 7/28 [Ijyb/bolt of acid (21)]
  2948 | D:3      | Splashed by Ijyb's acid

Table legend:
 A = Turns spent in this place as a percentage of turns spent in the entire game.
 B = Non-inter-level travel turns spent in this place as a percentage of non-inter-level travel turns spent in the entire game.
 C = Inter-level travel turns spent in this place as a percentage of turns spent in this place.
 D = Turns resting spent in this place as a percentage of non-inter-level travel turns spent in this place.
 E = Turns spent auto-exploring this place as a percentage of non-inter-level travel turns spent in this place.
 F = Non-inter-level travel turns spent in this place divided by the number of levels of this place that you've seen.
                   A       B       C       D       E      F
               +-------+-------+-------+-------+-------+----------------------
         Total | 100.0 | 100.0 |   6.3 |  17.3 |  52.8 | 920.3
       Dungeon | 100.0 | 100.0 |   6.3 |  17.3 |  52.8 | 920.3
               +-------+-------+-------+-------+-------+----------------------

Table legend:
 A = Kills in this place as a percentage of kills in entire the game.
 B = Kills by you in this place as a percentage of kills by you in the entire game.
 C = Kills by friends in this place as a percentage of kills by friends in the entire game.
 D = Other kills in this place as a percentage of other kills in the entire game.
 E = Experience gained in this place as a percentage of experience gained in the entire game.
 F = Experience gained in this place divided by the number of levels of this place that you have seen.
                   A       B       C       D       E      F
               +-------+-------+-------+-------+-------+----------------------
         Total | 100.0 | 100.0 |   N/A |   N/A | 100.0 |  78.7
       Dungeon | 100.0 | 100.0 |   N/A |   N/A | 100.0 |  78.7
               +-------+-------+-------+-------+-------+----------------------

Skill      XL: |  1  2  3  4  5 |
---------------+----------------+-----
Conjurations   | 2 |  2.8
Dodging        | 2 |  2.0
Spellcasting   | 3 |  3.0
Stealth        | 3 |  3.0
Armour         | |  0.8
Fire Magic     | |  3.9

Action                   |  1- 3 |  4- 6 || total
-------------------------+-------+-------++-------
Melee: Short sword       |    18 |       ||    18
       Whip              |    80 |    82 ||   162
Throw: Javelin           |     4 |       ||     4
       Dart              |     4 |       ||     4
 Cast: Flame Tongue      |    19 |    37 ||    56
       Conjure Flame     |       |     4 ||     4
       Throw Flame       |       |     1 ||     1
  Use: Scroll            |     2 |     1 ||     3
 Stab: Sleeping          |     7 |     1 ||     8
  Eat: Chunk             |     2 |     5 ||     7
Armor: Robe              |    37 |    25 ||    62
       Leather armour    |       |    23 ||    23
Dodge: Dodged            |    72 |    64 ||   136

Vanquished Creatures
  4 gnolls (D:3)
  3 adders
  3 worms
  A dart slug (D:1)
  2 leopard geckos
  5 orcs
  A ball python (D:3)
  14 bats
  4 giant cockroaches
  8 goblins
  9 hobgoblins
  11 kobolds
  2 quokkas (D:3)
  3 frilled lizards
  12 rats
82 creatures vanquished.
